 Dungeon Crawl Stone Soup version 0.19-a0-231-gae044c8 (webtiles) character file.

156 oplop the Sneak (level 5, -5/24 HPs)
             Began as a Vine Stalker Enchanter on May 25, 2016.
             Killed from afar by an orc wizard (6 damage)
             ... with a magic dart
             ... on level 3 of the Dungeon.
             The game lasted 00:02:00 (1286 turns).

oplop the Sneak (Vine Stalker Enchanter)            Turns: 1286, Time: 00:02:01

Health: -5/24      AC:  7    Str: 11    XL:     5   Next: 38%
Magic:  0/10       EV: 12    Int: 15    God:
Gold:   77         SH:  0    Dex: 15    Spells: 3 memorised, 4 levels left

rFire  . . .     SeeInvis .     m - +1 dagger (speed)
rCold  . . .     Gourm    .     b - +1 robe
rNeg   . . .     Faith    .     (no shield)
rPois  .         Spirit   +     (no helmet)
rElec  .         Dismiss  .     o - +0 cloak
rCorr  .         Reflect  .     (no gloves)
SustAt .         Harm     .     (no boots)
MR     .....                    (no amulet)
Stlth  +++.......               (no ring)
                                j - +3 ring of protection

@: not resistant to hostile enchantments, fairly stealthy
A: fangs 2, regeneration 1, magic shield, antimagic bite, no device heal 3, rot
immunity
a: no special abilities


You were on level 3 of the Dungeon.
You were not hungry.

You visited 1 branch of the dungeon, and saw 3 of its levels.

You collected 77 gold pieces.

Inventory:

Hand Weapons
 a - a +1 dagger
 m - a +1 dagger of speed (weapon)
Armour
 b - a +1 robe (worn)
 o - a +0 cloak (worn)
Jewellery
 j - a +3 ring of protection (left hand)
Scrolls
 e - a scroll of remove curse
 h - 4 scrolls of identify {unknown}
Potions
 g - a potion of mutation {unknown}
 l - a potion of might {unknown}
 n - 2 potions of flight {unknown}
 p - a potion of curing {unknown}
Books
 c - a book of Maledictions

   Spells                             Type                      Level
   a - Corona                         Hexes                        1
   b - Ensorcelled Hibernation        Hexes/Ice                    2
   c - Confuse                        Hexes                        3
   d - Tukima's Dance                 Hexes                        3
   e - Dazzling Spray                 Conjuration/Hexes            3
Comestibles
 d - a bread ration
 f - a beef jerky
 i - 2 meat rations


   Skills:
 + Level 2.2 Short Blades
 + Level 2.1 Dodging
 + Level 4.5 Stealth
 + Level 3.0 Spellcasting
 + Level 4.0 Hexes


You had 4 spell levels left.
You knew the following spells:

 Your Spells              Type           Power        Failure   Level  Hunger
a - Corona                Hex            ##.....      4%          1    #......
b - Ensorcelled Hibernat  Hex/Ice        #.....       14%         2    ##.....
c - Confuse               Hex            ##......     14%         3    ###....


Dungeon Overview and Level Annotations

Branches:
Dungeon (3/15)

Altars:
Elyvilon
Vehumet
Zin
The Shining One


Innate Abilities, Weirdness & Mutations

You have extremely sharp teeth.
Your natural rate of healing is unusually fast.
When hurt, damage is shared between your health and your magic reserves.
Your bite disrupts and absorbs the magic of your enemies.
Potions and wands cannot restore your health.
You are immune to rotting.


Message History

* * * LOW HITPOINT WARNING * * *
You are too injured to fight recklessly!
You are too injured to fight recklessly!
You are too injured to fight recklessly!
You are too injured to fight recklessly!
You are too injured to fight recklessly!
Read which item? (? for menu, Esc to quit)
As you read the scroll labeled MYH VACUROIL, it crumbles to dust.
You feel blessed for a moment.
It was a scroll of remove curse.
The orc closely misses you. The orc wizard barely misses you. The orc hits you.
* * * LOW HITPOINT WARNING * * *
The orc misses you.
Read which item? (? for menu, Esc to quit)
As you read the scroll labeled PIEDGH QAETEZ, it crumbles to dust.
The scroll dissolves into smoke.
It was a scroll of fog.
The orc hits you with a club.
* * * LOW HITPOINT WARNING * * *
The orc wizard gestures at you while chanting.
The magic dart hits you!
You die...

(. ##. .. ##... #.
.#.# #.#####...# #.#
#..§..§..# #. #.#
#.§§oo§.# ##. #.#
#.§§@oo.#.. ...###.#
#..§§o§...# .......#
###........## <......#
##..........#
.......###..!........#
....†..<....†........#
....)†....##.........#
.......#####.##.##.#.#
.......# #....# .#..


You could see an orc priest, an orc wizard and 3 orcs.

Vanquished Creatures
  Crazy Yiuf (D:2)
  Ijyb (D:2)
  Robin (D:2)
  An adder (D:2)
  3 worms (D:2)
  A dart slug (D:2)
  2 giant geckos
  3 giant cockroaches
  17 goblins
  8 hobgoblins
  9 jackals
  7 bats
  2 giant newts
  4 kobolds (D:1)
  6 rats
66 creatures vanquished.

Notes
Turn   | Place    | Note
--------------------------------------------------------------
     0 | D:1      | oplop the Vine Stalker Enchanter began the quest for the Orb.
     0 | D:1      | Reached XP level 1. HP: 9/9 MP: 4/4
    88 | D:1      | Reached skill level 1 in Short Blades
   169 | D:1      | Reached XP level 2. HP: 13/13 MP: 6/6
   481 | D:1      | jacquesderrida: Оплоп ХАКЕР
   629 | D:1      | Reached XP level 3. HP: 16/16 MP: 7/7
   755 | D:2      | Found a white marble altar of Elyvilon.
   755 | D:2      | Found a glowing golden altar of the Shining One.
   756 | D:2      | Found a glowing silver altar of Zin.
   802 | D:2      | Found a radiant altar of Vehumet.
   866 | D:2      | Noticed Ijyb
   879 | D:2      | Killed Ijyb
   879 | D:2      | Reached XP level 4. HP: 16/21 MP: 5/9
   893 | D:2      | Noticed Robin
   936 | D:2      | Killed Robin
   944 | D:2      | jacquesderrida: Дитя девяностых
   980 | D:2      | Found a faded altar to an unknown god.
  1046 | D:2      | Noticed Crazy Yiuf
  1050 | D:2      | Killed Crazy Yiuf
  1050 | D:2      | Reached XP level 5. HP: 24/24 MP: 10/10
  1054 | D:2      | Learned a level 2 spell: Ensorcelled Hibernation
  1058 | D:2      | Learned a level 3 spell: Confuse
  1286 | D:3      | HP: 1/24 [orc/club (4)]
  1286 | D:3      | Killed from afar by an orc wizard

Vault maps used:
D:1:      minmay_arrival_loop
D:2:      good_gods_mini_temple, vehumet_crystals, ecumenical_altar_2,
          uniq_robin, uniq_crazy_yiuf_cottage, uniq_iyjb
D:3:      lightli_temple_of_fire

Skill      XL: |  1  2  3  4  5 |
---------------+----------------+-----
Short Blades   | 1 2 |  2.2
Stealth        | 4 |  4.5
Dodging        | 2 |  2.1
Hexes          | 4 |  4.0
Spellcasting   | 3 |  3.0

Action                   |  1- 3 |  4- 6 || total
-------------------------+-------+-------++-------
Melee: Dagger            |    95 |   118 ||   213
       Bite              |    19 |    26 ||    45
  Use: Scroll            |       |     2 ||     2
 Stab: Sleeping          |    12 |     2 ||    14
  Eat: Chunk             |       |     1 ||     1
Armor: Robe              |    41 |    32 ||    73
Dodge: Dodged            |    54 |    63 ||   117
